 Dungeon Crawl Stone Soup version 0.30-a0-743-gbfdf073431 (webtiles) character file.

Game seed: 4401541457654666501

3077 BigDaddyOpFi the Geomancer (level 10, -2/69 HPs)
             Began as a Meteoran Earth Elementalist on Feb 7, 2023.
             Was a Follower of Vehumet.
             Collided with a rock wall (13 damage)
             ... caused by Erica
             ... on level 9 of the Dungeon.
             The game lasted 00:13:18 (5183 turns).

BigDaddyOpFi the Geomancer (MeEE)                   Turns: 5183, Time: 00:13:18

Health: -2/69      AC:  7    Str: 11    XL:     10   Next: 34%
Magic:  11/22      EV: 17    Int: 21    God:    Vehumet [*.....]
Gold:   439        SH:  5    Dex: 20    Spells: 20/24 levels left

rFire   . . .      SeeInvis .    F - +11 sling "Ultimatum" {freeze, rC+}
rCold   + + .      Faith    .    B - orb {mayhem}
rNeg    . . .      Spirit   .    a - +2 robe
rPois   .          Reflect  +    (no helmet)
rElec   .          Harm     .    w - scarf {+Inv}
rCorr   .          Rampage  .    d - +2 pair of gloves
Will    +....                    (no boots)
Stlth   ++                       h - amulet of reflection
HPRegen 0.31/turn                l - +6 ring of dexterity
MPRegen 0.18/turn                m - ring of protection from cold

@: lethally poisoned (-2 -> -6), glowing
A: sense surroundings 2, otherworldly, glowing, explore regen
a: Renounce Religion, Evoke Invisibility


You were on level 9 of the Dungeon.
You worshipped Vehumet.
Vehumet was aware of your devotion.
You visited 2 branches of the dungeon, and saw 10 of its levels.

You collected 439 gold pieces.

Inventory:

Hand Weapons
 e - a +0 dagger
 j - a +0 hand axe
 o - a +7 heavy hand axe
 t - a +0 war axe
 F - the +11 sling "Ultimatum" (weapon) {freeze, rC+}
   (You found it on level 8 of the Dungeon)

   rC:        It protects you from cold.
Missiles
 G - a throwing net
Armour
 a - a +2 robe (worn)
 d - a +2 pair of gloves (worn)
 w - a scarf of invisibility (worn)
 x - the +1 chain mail "Egotetih" {-Cast rN+++ MP-9 Str+8}
   (You found it on level 8 of the Dungeon)

   Str:       It affects your strength (+8).
   rN:        It renders you almost immune to negative energy.
   MP:        It affects your magic capacity (-9).
   -Cast:     It prevents spellcasting.
 B - an orb of mayhem (worn)
Jewellery
 h - an amulet of reflection (around neck)
 i - an amulet of the acrobat
 l - a +6 ring of dexterity (left hand)
 m - a ring of protection from cold (right hand)
 D - a +6 ring of intelligence
 H - a ring of protection from fire
Wands
 g - a wand of quicksilver (10)
 n - a wand of polymorph (8)
 A - a wand of paralysis (4)
Scrolls
 f - a scroll of poison
 k - 2 scrolls of identify
 v - a scroll of amnesia {unknown}
 y - a scroll of immolation {unknown}
 I - a scroll of noise {unknown}
Potions
 b - a potion of heal wounds {unknown}
 c - 4 potions of brilliance
 p - 2 potions of flight
 q - 2 potions of haste
 r - a potion of cancellation {unknown}
 s - a potion of curing
 u - 4 potions of attraction {unknown}
 z - a potion of berserk rage {unknown}
 C - a potion of resistance
Miscellaneous
 E - a phantom mirror


   Skills:
 + Level 7.5 Dodging
 + Level 5.1 Stealth
 + Level 7.7 Spellcasting
 + Level 6.8 Conjurations
 - Level 2.0 Transmutations
 + Level 8.1 Earth Magic


You had 20 spell levels left.
You knew the following spells:

 Your Spells              Type           Power      Damage    Failure   Level
a - Sandblast             Erth           84%        2d18      1%          1
b - Stone Arrow           Conj/Erth      78%        3d11      1%          3

Your spell library contained the following spells:

 Spells                   Type           Power      Damage    Failure   Level
 Freeze                   Ice            32%        1d5       9%          1
 Passwall                 Tmut/Erth      24%        N/A       1%          2
 Lee's Rapid Deconstruct  Erth           21%        3d12*     8%          5
 Apportation              Tloc           16%        N/A       9%          1
 Necrotise                Necr           32%        1d5       9%          1
 Summon Small Mammal      Summ           32%        N/A       9%          1
 Petrify                  Tmut/Erth      29%        N/A       10%         4
 Fulminant Prism          Conj/Hex       11%        3d8       21%         4
 Iskenderun's Mystic Bla  Conj/Tloc      22%        2d6       21%         4
 Kindle Blastsparks       Fire/Tloc/Air  16%        2d11      24%         3
 Yara's Violent Unravell  Hex/Tmut       6%         3d5       83%         5
 Enfeeble                 Hex            4%         N/A       100%        7


Dungeon Overview and Level Annotations

Branches:
Dungeon (9/15) Zot: 209    Temple (1/1) D:4 Zot: 503
   Lair: D:8-11         Orc: D:9-12

Altars:
Ashenzari
Dithmenos
Elyvilon
Gozag
Kikubaaqudgha
Makhleb
Nemelex Xobeh
Okawaru
Ru
Sif Muna
Trog
Vehumet
Wu Jian
Xom
Yredelemnul
Zin
The Shining One

Shops:
D:5 !

Annotations:
D:2 1 runed translucent door, Crazy Yiuf
D:5 3 runed translucent doors, Esekla's ghost, weakling OpDe
D:9 Erica


Innate Abilities, Weirdness & Mutations

You passively map the area around you.
You are easily found by Zot.
You glow in the dark.
You regain HP and MP as you explore.


Message History

Casting: Stone Arrow (safe; 1% risk of failure)
Confirm with . or Enter, or press ? or * to list all spells.
Aiming: Stone Arrow (safe; 1% risk of failure)
Press: ? - help, Shift-Dir - straight line, f/p - Erica
Aim: Erica, wielding a +4 scimitar of flaming and wearing a +0 robe (heavily wounded, 71% to hit)
The stone arrow hits Erica!
Erica is severely wounded.
Casting: Stone Arrow (safe; 1% risk of failure)
Confirm with . or Enter, or press ? or * to list all spells.
Aiming: Stone Arrow (safe; 1% risk of failure)
Press: ? - help, Shift-Dir - straight line, f/p - Erica
Aim: Erica, wielding a +4 scimitar of flaming and wearing a +0 robe (severely wounded, 71% to hit)
The stone arrow hits Erica!
Erica is almost dead.
Erica points at you and mumbles some strange words.
The bolt of poison hits you!!
You are poisoned.
Casting: Stone Arrow (safe; 1% risk of failure)
Confirm with . or Enter, or press ? or * to list all spells.
Aiming: Stone Arrow (safe; 1% risk of failure)
Press: ? - help, Shift-Dir - straight line, f/p - Erica
Aim: Erica, wielding a +4 scimitar of flaming and wearing a +0 robe (almost dead, 71% to hit)
The stone arrow misses Erica.
You feel very sick.
Erica casts a spell.
Erica flickers and vanishes!
Deactivating autopickup; reactivate with Ctrl-A.
Casting: Stone Arrow (safe; 1% risk of failure)
Confirm with . or Enter, or press ? or * to list all spells.
You can't see any susceptible monsters within range! (Use Z to cast anyway.)
You feel very sick.
You feel sick.
You feel sick.
You hear some strange, mumbled words.
A lance of force appears from out of thin air!
The lance of force hits you!!
* * * LOW HITPOINT WARNING * * *
You are knocked back by the lance of force.
You slam into the rock wall!
You die...

** #########
######....##<#
,
......≈.#.##)#
≈...≈.....@..#
,≈.≈≈≈...#.####
* #≈≈..{..# , ~
~≈≈≈#≈≈..### ~
, #....# *
#....# * #....#
,, ~ ~#≈...# ,
,, ≈....#


There were no monsters in sight!

Vanquished Creatures
  Grinder (D:3)
  A hornet (D:8)
  Sigmund (D:3)
  3 yaks (D:8)
  Eustachio (D:4)
  A wyvern (D:8)
  2 sky beasts
  An orc warrior (D:8)
  A water moccasin (D:6)
  A black bear (D:7)
  A centaur (D:6)
  A phantom (D:5)
  A kobold brigand (D:7)
  A bullfrog (D:8)
  Blork the orc (D:5)
  A gnoll sergeant (D:5)
  3 scorpions
  4 wights (D:6)
  2 howler monkeys (D:8)
  A jelly (D:5)
  3 orc priests
  A hound (D:5)
  Ijyb (D:3)
  2 iguanas (D:5)
  2 orc wizards
  Robin (D:1)
  3 gnolls (D:5)
  5 adders
  A white imp (D:6)
  An ufetubus (D:7)
  A worm (D:2)
  3 dart slugs
  23 orcs
  4 ball pythons
  5 bats
  5 endoplasms
  2 giant cockroaches
  7 goblins
  9 hobgoblins
  6 jackals (D:1)
  2 quokkas
  2 frilled lizards
  10 kobolds
  3 rats
131 creatures vanquished.

Notes
Turn   | Place    | Note
-------+----------+-------------------------------------------
     0 | D:1      | BigDaddyOpFi the Meteoran Earth Elementalist began the
                  | quest for the Orb.
     0 | D:1      | Reached XP level 1. HP: 14/14 MP: 5/5
   148 | D:1      | Reached XP level 2. HP: 20/20 MP: 6/6
   226 | D:1      | Reached XP level 3. HP: 25/26 MP: 3/8
   347 | D:1      | Found a faded altar of an unknown god.
   380 | D:1      | Reached skill level 4 in Earth Magic
   486 | D:1      | Glimpsed the power of Zot.
   536 | D:1      | Glimpsed the power of Zot.
   622 | D:2      | Noticed Robin
   631 | D:2      | Reached XP level 4. HP: 33/33 MP: 7/9
   696 | D:1      | Killed Robin
   930 | D:2      | Found a runed translucent door.
   931 | D:2      | Noticed Crazy Yiuf
  1053 | D:2      | Reached skill level 1 in Conjurations
  1053 | D:2      | Reached XP level 5. HP: 38/38 MP: 8/11
  1065 | D:2      | Glimpsed the power of Zot.
  1116 | D:2      | Glimpsed the power of Zot.
  1158 | D:3      | Noticed Sigmund
  1160 | D:3      | Noticed Grinder
  1163 | D:3      | Learned a level 3 spell: Stone Arrow
  1314 | D:3      | Killed Sigmund
  1315 | D:3      | Reached XP level 6. HP: 45/45 MP: 7/13
  1322 | D:3      | Killed Grinder
  1323 | D:3      | Reached skill level 5 in Earth Magic
  1323 | D:3      | Reached XP level 7. HP: 47/50 MP: 2/14
  1639 | D:3      | Noticed Ijyb
  1643 | D:3      | Killed Ijyb
  1660 | D:3      | Glimpsed the power of Zot.
  1704 | D:4      | Found a glowing silver altar of Zin.
  1749 | D:4      | Noticed Eustachio
  1773 | D:4      | Killed Eustachio
  1774 | D:4      | Reached XP level 8. HP: 33/57 MP: 12/16
  1849 | D:4      | Reached skill level 5 in Spellcasting
  1959 | D:4      | Found a staircase to the Ecumenical Temple.
  2044 | Temple   | Entered the Ecumenical Temple
  2123 | Temple   | Became a worshipper of Vehumet
  2284 | D:5      | Entered Level 5 of the Dungeon
  2304 | D:5      | Found a shadowy altar of Dithmenos.
  2313 | D:5      | Reached skill level 5 in Dodging
  2448 | D:5      | Found a runed translucent gate.
  2450 | D:5      | Found a runed translucent gate.
  2450 | D:5      | Found an opulent altar of Gozag.
  2451 | D:5      | Found a runed translucent gate.
  2451 | D:5      | Noticed a yak
  2452 | D:5      | Noticed Esekla's ghost (weakling OpDe)
  2630 | D:5      | Reached skill level 6 in Earth Magic
  2715 | D:5      | Found Miwaul's Distillery.
  2715 | D:5      | Noticed Blork the orc
  2860 | D:5      | Killed Blork the orc
  2965 | D:5      | Gained mutation: You passively map the area around you.
                  | [Meteoran growth]
  2965 | D:5      | Reached XP level 9. HP: 62/62 MP: 10/18
  3282 | D:6      | Reached skill level 5 in Conjurations
  3398 | D:6      | Reached * piety under Vehumet
  3398 | D:6      | Offered knowledge of Freeze by Vehumet.
  3411 | D:6      | Reached skill level 7 in Earth Magic
  3520 | D:6      | Glimpsed the power of Zot.
  3566 | D:6      | Glimpsed the power of Zot.
  4071 | D:7      | Found a bloodstained altar of Trog.
  4114 | D:7      | Glimpsed the power of Zot.
  4164 | D:7      | Glimpsed the power of Zot.
  4335 | D:8      | Reached XP level 10. HP: 60/69 MP: 21/21
  4353 | D:8      | Reached skill level 5 in Stealth
  4628 | D:8      | Identified the +1 chain mail "Egotetih" {-Cast rN+++ MP-9
                  | Str+8}
  4696 | D:8      | Identified the +11 sling "Ultimatum" {freeze, rC+}
  4831 | D:8      | Reached skill level 8 in Earth Magic
  5004 | D:8      | Found a glowing golden altar of the Shining One.
  5174 | D:9      | Noticed Erica
  5183 | D:9      | Collided with a rock wall

Illustrated notes

Levels and vault maps discovered:
D:1:      tekkud_arrival_beachfront_property, layout_basic,
          ebering_ecumenical_altar_mist
D:2:      layout_loops_corners, uniq_natasha, uniq_robin,
          uniq_crazy_yiuf_cottage
D:3:      layout_basic, uniq_ijyb, uniq_sigmund, uniq_grinder, uniq_jessica
D:4:      layout_rooms, zin_academy, minmay_temple_entry_poolview,
          dk_noncrumbling_3, dk_noncrumbling_4, uniq_eustachio
D:5:      layout_basic, grunt_dithmenos_smoke_and_mirrors, serial_shops, shop,
          ebering_ghost_gozag, uniq_blork_the_orc
D:6:      layout_loops_ring, fedhas_altar_1
D:7:      layout_basic, cheibrodos_worm_habitat, trog_book
D:8:      layout_basic, nicolae_tso_carved_into_rock, minivault_10
D:9:      layout_basic, nicolae_qazlal_general_emergency,
          mainiacjoe_overflow_catwalk, erik_lair_island, serial_ice,
          serial_ice_m, serial_ice_k, serial_ice_b, serial_ice_g, serial_ice_o,
          serial_ice_c, hangedman_abyss_or_decor_slice,
          nicolae_transmutations_shop, uniq_erica
Temple:   compressed_dpeg_triangle_lava_temple

Skill      XL: |  1  2  3  4  5  6  7  8  9 10 |
---------------+-------------------------------+-----
Spellcasting   | 3 4 5 7 |  7.7
Earth Magic    | 4 5 6 7 8 |  8.1
Transmutations | 2 |  2.0
Dodging        | 3 4 5 6 7 |  7.5
Stealth        | 2 3 4 5 |  5.1
Conjurations   | 1 2 3 4 6 |  6.8

Action                     |  1- 3 |  4- 6 |  7- 9 | 10-12 || total
---------------------------+-------+-------+-------+-------++-------
  Melee: Dagger            |    18 |       |       |       ||    18
         Unarmed           |     1 |       |       |       ||     1
         Hand axe          |       |    13 |    34 |     3 ||    50
         Punch             |       |       |     1 |       ||     1
   Fire: Sling             |       |       |       |    12 ||    12
   Cast: Sandblast         |    37 |    27 |    54 |     6 ||   124
         Stone Arrow       |       |     3 |    53 |    18 ||    74
    Use: Potion            |       |     4 |     3 |       ||     7
         Scroll            |       |       |    14 |       ||    14
 Armour: Robe              |    25 |    10 |    32 |     5 ||    72
  Dodge: Dodged            |    17 |    22 |    89 |     8 ||   136
  Block: Other             |     2 |     9 |    41 |     2 ||    54
         Orb               |       |       |       |     1 ||     1

Table legend: (Time is in decaauts)
 A = Elapsed time spent in this place.
 B = Non-inter-level travel time spent in this place.
 C = Inter-level travel time spent in this place.
 D = Time resting spent in this place.
 E = Time spent auto-exploring this place.
 F = Levels seen in this place.
 G = Mean time per level.
                   A        B        C        D        E       F      G
               +--------+--------+--------+--------+--------+-----+--------+
         Total |   5286 |   5027 |    259 |   1050 |   2388 |  10 |  528.6 |
       Dungeon |   5189 |   4943 |    246 |   1050 |   2388 |   9 |  576.6 |
        Temple |     96 |     83 |     13 |      0 |      0 |   1 |   96.0 |
               +--------+--------+--------+--------+--------+-----+--------+

Top non-repeatable levels by time:
     D:8: 988 daAuts
     D:5: 919 daAuts
     D:1: 738 daAuts
     D:7: 586 daAuts
     D:2: 559 daAuts
     D:4: 536 daAuts
     D:6: 425 daAuts
     D:3: 410 daAuts
  Temple: 96 daAuts
     D:9: 26 daAuts
